 Dungeon Crawl Stone Soup version 0.29-a0-997-gf6f7e2dfe7 (webtiles) character file.

Game seed: 1805861781131308939

103 Newt the Sneak (level 5, -6/31 HPs)
             Began as a Kobold Brigand on Aug 4, 2022.
             Killed from afar by an electric eel (9 damage)
             ... with a bolt of electricity
             ... on level 3 of the Dungeon.
             The game lasted 00:03:32 (1990 turns).

Newt the Sneak (Kobold Brigand)                     Turns: 1990, Time: 00:03:33

Health: -6/31      AC:  5    Str: 11    XL:     5   Next: 6%
Magic:  5/5        EV: 17    Int: 12    God:
Gold:   175        SH:  0    Dex: 16    Spells: 4/4 levels left

rFire   . . .      SeeInvis .   g - +2 sling (flame)
rCold   . . .      Faith    .   (no shield)
rNeg    . . .      Spirit   .   n - +0 leather armour
rPois   .          Reflect  .   (no helmet)
rElec   .          Harm     .   c - +0 cloak
rCorr   .          Rampage  .   (no gloves)
Will    .....                   d - +0 pair of boots
Stlth   ++++......              (no amulet)
HPRegen 0.10/turn               j - +4 ring of evasion
MPRegen 0.09/turn               (no ring)

@: no status effects
A: small, no large weapons, nightstalker 3
a: no special abilities


You were on level 3 of the Dungeon.
You visited 1 branch of the dungeon, and saw 3 of its levels.

You collected 175 gold pieces.

Inventory:

Hand Weapons
 a - a +2 dagger
 g - a +2 sling of flaming (weapon)
 r - the +8 spear of Valiance {vorpal, rPois}
   (You found it on level 3 of the Dungeon)

   It inflicts extra damage upon your enemies.
   rPois:     It protects you from poison.
Missiles
 e - 3 curare-tipped darts
 f - 10 poisoned darts
 h - 6 javelins
Armour
 b - a +0 robe
 c - a +0 cloak (worn)
 d - a +0 pair of boots (worn)
 n - a +0 leather armour (worn)
Jewellery
 j - a +4 ring of evasion (left hand)
Wands
 o - a wand of flame (27)
Scrolls
 k - a scroll of silence {unknown}
 s - a scroll of fear {unknown}
 w - a scroll of amnesia
 x - a scroll of teleportation
Potions
 i - a potion of brilliance
 l - 2 potions of heal wounds {unknown}
 m - a potion of degeneration {unknown}
 p - a potion of lignification {unknown}
 q - a potion of cancellation {unknown}
 t - a potion of attraction {unknown}
 u - a potion of curing {unknown}
 v - a potion of flight {unknown}


   Skills:
 + Level 2.6 Fighting
 - Level 2.7 Short Blades
 * Level 0.1 Polearms
 * Level 3.8 Ranged Weapons
 + Level 2.6 Throwing
 + Level 1.4 Dodging
 + Level 6.1 Stealth


You had 4 spell levels left.
You didn't know any spells.
Your spell library contained the following spells:

 Spells                   Type           Power      Damage    Failure   Level
 Tukima's Dance           Hex            0%         N/A       78%         3
 Passage of Golubria      Tloc           0%         N/A       99%         4
 Yara's Violent Unravell  Hex/Tmut       0%         3d3       100%        5


Dungeon Overview and Level Annotations

Branches:
Dungeon (3/15)

Altars:
Makhleb
Zin

Annotations:
D:2 1 runed translucent door, Crazy Yiuf
D:3 1 transporter


Innate Abilities, Weirdness & Mutations

You are small and have problems with some larger weapons.
You are completely attuned to the shadows.


Message History

The dart slug is almost dead.
The dart slug launches a dart at you. The slug dart misses you.
You shoot a sling bullet. The sling bullet hits the dart slug!
The sling bullet burns the dart slug.
You kill the dart slug!
No target in view!
You open the door.
There is an open door here.
Found a coppery potion and a scroll of amnesia.
Found a scroll of teleportation.
v - a coppery potion
w - a scroll of amnesia
x - a scroll of teleportation
There is a transporter landing site here.
There is a transporter here.
There is a transporter here.
You enter the transporter and appear at another place.
Found 8 gold pieces.
You now have 175 gold pieces (gained 10).
o - a wand of flame (27) (gained 24 charges)
There are no items here.
You open the door.
An electric eel comes into view.
There is an open door here.
You shoot a sling bullet.
The sling bullet hits the electric eel but does no damage.
The electric eel shoots out a bolt of lightning at you!
The bolt of electricity misses you. The bolt of electricity hits you!
The electric eel shoots out a bolt of lightning at you!
The bolt of electricity misses you.
You shoot a sling bullet. The sling bullet hits the electric eel.
The sling bullet burns the electric eel.
The electric eel is heavily wounded.
An electric eel comes into view.
The electric eel shoots out a bolt of lightning at you!
The bolt of electricity hits you!
* * * LOW HITPOINT WARNING * * *
The bolt of electricity hits you!
You die...

......#.....# #........ #.
......#.....#####.# #.#
#.#####...........# #.# #.#
##################.# #.#
#.##..... .........#.# #.#
#..#.#### ########.#.# ##'#
##.#.#8P# ~S~~#P8#.#.#######...
#...#..# S~$.#..#.........'...
#..©#©)+~~P⌠P..@.©#©.†#######...
##..#..#P~~~P..#..#..## ####
##.#8P#~~~~~~S#P8#.##
#.###############.#
#.................#
###################


You could see 3 electric eels.

Vanquished Creatures
  5 adders
  A worm (D:2)
  3 dart slugs
  5 ball pythons
  4 bats
  3 endoplasms (D:1)
  3 giant cockroaches
  8 goblins
  A jackal (D:2)
  5 kobolds
  2 quokkas (D:2)
  2 frilled lizards (D:2)
  6 rats
48 creatures vanquished.

Notes
Turn   | Place    | Note
-------+----------+-------------------------------------------
     0 | D:1      | Newt the Kobold Brigand began the quest for the Orb.
     0 | D:1      | Reached XP level 1. HP: 12/12 MP: 1/1
   405 | D:1      | Reached XP level 2. HP: 17/17 MP: 2/2
   894 | D:2      | Reached skill level 1 in Ranged Weapons
   894 | D:2      | Reached skill level 6 in Stealth
   894 | D:2      | Reached XP level 3. HP: 17/22 MP: 3/3
  1284 | D:2      | Reached XP level 4. HP: 27/27 MP: 4/4
  1543 | D:2      | Found a runed translucent door.
  1546 | D:2      | Noticed Crazy Yiuf
  1586 | D:2      | Found a faded altar of an unknown god.
  1734 | D:3      | Identified the +8 spear of Valiance {vorpal, rPois}
  1790 | D:3      | Found a burning altar of Makhleb.
  1790 | D:3      | Found a glowing silver altar of Zin.
  1791 | D:3      | Noticed an angel
  1791 | D:3      | Noticed a green death
  1848 | D:3      | Reached XP level 5. HP: 31/31 MP: 5/5
  1849 | D:3      | Found a transporter.
  1869 | D:3      | Found a transporter.
  1990 | D:3      | Killed from afar by an electric eel

Illustrated notes

Levels and vault maps discovered:
D:1:      wander_arrival_chamber, layout_rooms
D:2:      layout_loops_ring, shapermc_ecumenical_altar_acropolis, minivault_23,
          minmay_tetromino_o4, uniq_crazy_yiuf_cottage
D:3:      gammafunk_steamed_eel, layout_basic,
          grunt_temple_overflow_order_and_chaos_2

Skill      XL: |  1  2  3  4 |
---------------+-------------+-----
Ranged Weapons | 1 2 3 |  3.8
Stealth        | 6 |  6.1
Fighting       | |  2.6
Short Blades   | |  2.7
Polearms       | |  0.1
Throwing       | |  2.6
Dodging        | |  1.4

Action                   |  1- 3 |  4- 6 || total
-------------------------+-------+-------++-------
Melee: Dagger            |    12 |       ||    12
 Fire: Sling             |    36 |    45 ||    81
Throw: Dart              |    12 |       ||    12
  Use: Scroll            |     4 |     3 ||     7
 Stab: Sleeping          |     3 |       ||     3
Armor: Robe              |     9 |       ||     9
       Leather armour    |       |     6 ||     6
Dodge: Dodged            |    18 |    22 ||    40

Table legend: (Time is in decaauts)
 A = Elapsed time spent in this place.
 B = Non-inter-level travel time spent in this place.
 C = Inter-level travel time spent in this place.
 D = Time resting spent in this place.
 E = Time spent auto-exploring this place.
 F = Levels seen in this place.
 G = Mean time per level.
                   A        B        C        D        E       F      G
               +--------+--------+--------+--------+--------+-----+--------+
         Total |   2012 |   1916 |     96 |    100 |   1527 |   3 |  670.7 |
       Dungeon |   2012 |   1916 |     96 |    100 |   1527 |   3 |  670.7 |
               +--------+--------+--------+--------+--------+-----+--------+

Top non-repeatable levels by time:
     D:1: 859 daAuts
     D:2: 759 daAuts
     D:3: 393 daAuts
